 Dungeon Crawl Stone Soup version 0.24.0-41-g2ae2f7f1be (webtiles) character file.

Game seed: 9162080315807279950, levelgen mode: deterministic

384 Devinter the Magician (level 6, -6/32 HPs)
             Began as a Deep Elf Wizard on Dec 9, 2019.
             Was an Initiate of Sif Muna.
             Mangled by an ogre
             ... wielding a +0 giant club
              (19 damage)
             ... on level 4 of the Dungeon.
             The game lasted 00:19:22 (3430 turns).

Devinter the Magician (Deep Elf Wizard)             Turns: 3430, Time: 00:19:22

Health: -6/32      AC:  6    Str:  8    XL:     6   Next: 47%
Magic:  8/17       EV: 12    Int: 25    God:    Sif Muna [......]
Gold:   110        SH:  0    Dex: 13    Spells: 3/18 levels left

rFire    . . .     SeeInvis .   r - +3 whip
rCold    . . .     Gourm    .   (no shield)
rNeg     . . .     Faith    .   h - +0 leather armour {MR+}
rPois    .         Spirit   .   b - +0 hat
rElec    .         Reflect  .   y - scarf {cloud immunity}
rCorr    .         Harm     .   n - +2 pair of gloves
MR       +....                  (no boots)
Stlth    ++........             (no amulet)
HPRegen  0.10/turn              E - +4 ring of strength
MPRegen  0.15/turn              (no ring)

@: no status effects
A: no striking features
a: Renounce Religion


You were on level 4 of the Dungeon.
You worshipped Sif Muna.
Sif Muna was noncommittal.
You were hungry.

You visited 1 branch of the dungeon, and saw 4 of its levels.

You collected 110 gold pieces.

Inventory:

Hand Weapons
 r - a +3 whip (weapon)
Missiles
 g - 104 stones (quivered)
 o - 56 arrows
 t - 53 bolts
 B - 3 boomerangs
Armour
 b - a +0 hat (worn)
 h - a +0 leather armour of magic resistance (worn)
 n - a +2 pair of gloves (worn)
 y - a scarf of cloud immunity (worn)
 A - a +3 scale mail of cold resistance
Jewellery
 E - a +4 ring of strength (left hand)
Wands
 z - a wand of clouds (7)
 F - a wand of digging (6)
Scrolls
 a - 3 scrolls of teleportation {unknown}
 c - a scroll of immolation {unknown}
 e - 2 scrolls of enchant weapon
 k - 4 scrolls of magic mapping {unknown}
 m - 3 scrolls of identify {unknown}
 q - a scroll of noise {unknown}
 s - 4 scrolls of remove curse
 w - 2 scrolls of amnesia {unknown}
 C - 2 scrolls of enchant armour {unknown}
Potions
 f - 3 potions of flight {unknown}
 i - a potion of haste {unknown}
 j - a potion of cancellation {unknown}
 l - a potion of ambrosia {unknown}
 p - 3 potions of heal wounds {unknown}
 u - a potion of might {unknown}
 v - a potion of resistance {unknown}
 x - a potion of curing {unknown}
 D - 2 potions of berserk rage {unknown}
 G - a potion of degeneration {unknown}
Comestibles
 d - 8 rations


   Skills:
 - Level 3.0 Dodging
 - Level 3.0 Stealth
 + Level 6.5 Spellcasting
 - Level 3.0 Conjurations
 - Level 2.0 Summonings
 - Level 2.0 Translocations
 * Level 3.1 Ice Magic
 + Level 2.2 Invocations


You had 3 spell levels left.
You knew the following spells:

 Your Spells              Type           Power        Failure   Level  Hunger
a - Magic Dart            Conj           ###.         3%          1    None
b - Blink                 Tloc           N/A          7%          2    None
c - Call Imp              Summ           ###.....     7%          2    None
d - Conjure Flame         Conj/Fire      ###.....     17%         3    None
e - Mephitic Cloud        Conj/Pois/Air  ##......     21%         3    None
f - Ice Form              Ice/Tmut       ###.....     47%         4    ###....

Your spell library contained the following spells:

 Spells                   Type           Power        Failure   Level  Hunger
 Slow                     Hex            #.......     16%         2    None
 Metabolic Englaciation   Hex/Ice        ###.......   83%         5    #####..
 Bolt of Cold             Conj/Ice       ###.......   99%         6    ######.
 Ozocubu's Refrigeration  Ice            ###.......   99%         6    ######.
 Freezing Cloud           Conj/Ice/Air   ###.......   100%        6    ######.
 Simulacrum               Ice/Necr       ###.......   100%        6    ######.


Dungeon Overview and Level Annotations

Branches:
Dungeon (4/15)
 Temple: D:4-7

Altars:
Dithmenos
Nemelex Xobeh
Okawaru
Sif Muna
Uskayaw
Xom
Zin


Message History

Confirm with . or Enter, or press ? or * to list all spells.
A beastly little devil appears in a puff of flame.
Casting: Call Imp (safe; 7% risk of failure)
Confirm with . or Enter, or press ? or * to list all spells.
A beastly little devil appears in a puff of flame.
Casting: Call Imp (safe; 7% risk of failure)
Confirm with . or Enter, or press ? or * to list all spells.
A beastly little devil appears in a puff of frigid air.
Your crimson imp blinks!
Your crimson imp hits the ogre.
You whack the ogre!
The ogre is severely wounded.
The ogre hits you with a +0 giant club!!
Ouch! That really hurt!
Your crimson imp hits the ogre.
You barely miss the ogre.
The ogre is almost dead.
The ogre hits you with a +0 giant club!!
Ouch! That really hurt!
You die...

### #....# .... ....#
#.. .## ###.. ..#
#...###.#####
#.5O........###
#..@5...........####
......#.....##.........
<....##..........# ...
.............##..##..
.....#.......# ..#..
......#...#5####.#.## .
...###.##...#..#..####
.. #............###.#
....####......##..#


You could see an ogre, 2 friendly crimson imps and a friendly white imp.

Vanquished Creatures
  An ogre (D:4)
  A water moccasin zombie (D:4)
  A hound (D:4)
  Ijyb (D:3)
  A worker ant (D:4)
  10 adders
  An ooze (D:1)
  A worm (D:3)
  3 dart slugs
  2 leopard geckos (D:3)
  2 orcs
  6 giant cockroaches
  7 goblins
  7 hobgoblins
  2 jackals (D:3)
  4 kobolds
  3 quokkas
  A ball python (D:1)
  8 bats
  2 frilled lizards
  7 rats
71 creatures vanquished.

Notes
Turn   | Place    | Note
-------+----------+-------------------------------------------
     0 | D:1      | Devinter the Deep Elf Wizard began the quest for the Orb.
     0 | D:1      | Reached XP level 1. HP: 10/10 MP: 7/7
   107 | D:1      | Reached XP level 2. HP: 15/15 MP: 1/9
   111 | D:1      | Learned a level 2 spell: Blink
   114 | D:1      | Learned a level 2 spell: Call Imp
   439 | D:1      | Reached skill level 3 in Stealth
   813 | D:1      | Reached skill level 3 in Dodging
   974 | D:2      | Reached skill level 2 in Conjurations
   974 | D:2      | Reached XP level 3. HP: 19/19 MP: 3/11
   985 | D:2      | Reached skill level 5 in Spellcasting
  1250 | D:2      | Learned a level 3 spell: Conjure Flame
  1254 | D:2      | Learned a level 3 spell: Mephitic Cloud
  1419 | D:2      | Reached XP level 4. HP: 23/24 MP: 7/13
  2026 | D:3      | Reached skill level 2 in Translocations
  2111 | D:3      | Reached skill level 2 in Summonings
  2207 | D:3      | Found a sparkling altar of Nemelex Xobeh.
  2209 | D:3      | Found a hide-covered altar of Uskayaw.
  2209 | D:3      | Found an iron altar of Okawaru.
  2209 | D:3      | Found a shadowy altar of Dithmenos.
  2210 | D:3      | Found a shimmering altar of Xom.
  2218 | D:3      | Found a shimmering blue altar of Sif Muna.
  2219 | D:3      | Found a glowing silver altar of Zin.
  2226 | D:3      | Became a worshipper of Sif Muna the Loreminder
  2267 | D:3      | Reached XP level 5. HP: 28/28 MP: 13/15
  2478 | D:3      | Reached skill level 3 in Conjurations
  2552 | D:3      | Learned a level 4 spell: Ice Form
  2647 | D:3      | Noticed Ijyb
  2698 | D:3      | Killed Ijyb
  2840 | D:4      | Reached skill level 1 in Ice Magic
  2846 | D:4      | Reached skill level 1 in Invocations
  2875 | D:4      | Noticed an ogre
  2885 | D:4      | Killed an ogre
  2885 | D:4      | Reached skill level 6 in Spellcasting
  2885 | D:4      | Reached skill level 2 in Ice Magic
  2885 | D:4      | Reached XP level 6. HP: 23/32 MP: 0/17
  3067 | D:4      | Reached skill level 2 in Invocations
  3394 | D:4      | Reached skill level 3 in Ice Magic
  3430 | D:4      | Mangled by an ogre

Levels and vault maps discovered:
D:1:      dpeg_arrival_subterranean_lakeside_camping, layout_rooms,
          minmay_tetromino_i2
D:2:      layout_loops_ring, first_ration, chequers_arboretum
D:3:      layout_rooms, grunt_temple_overflow_open, uniq_ijyb
D:4:      layout_cave_pools, kennysheep_generic_room_9

Skill      XL: |  1  2  3  4  5  6 |
---------------+-------------------+-----
Stealth        | 3 |  3.0
Dodging        | 3 |  3.0
Conjurations   | 2 3 |  3.0
Spellcasting   | 5 6 |  6.5
Translocations | 2 |  2.0
Summonings     | 2 |  2.0
Ice Magic      | 2 3 |  3.1
Invocations    | 1 2 |  2.2

Action                   |  1- 3 |  4- 6 || total
-------------------------+-------+-------++-------
Melee: Short sword       |     7 |       ||     7
       Whip              |     8 |    29 ||    37
 Cast: Magic Dart        |    73 |   148 ||   221
       Call Imp          |       |     4 ||     4
  Use: Scroll            |     2 |       ||     2
  Eat: Chunk             |     1 |     6 ||     7
Armor: Robe              |     5 |       ||     5
       Leather armour    |     2 |    19 ||    21
Dodge: Dodged            |    26 |    39 ||    65
